cohdb
Replays
Latest Replays
All Replays
Popular Replays
Top Player Replays
Match Explorer
How It Works
Community
CoH3 Stats
Reddit
Sign in to upload your games and track your stats! →
Sign in with Steam
Match 40024990
Unlisted
Match 40024990
Overview
Messages
Build Orders
End
Construct Barracks
Riflemen Squad
Riflemen Squad
Riflemen Squad
Construct Weapon Support Center
Grenade Package
M1919 Machine Gun Team
Selects Heavy Weapons
Selects Assault Carriers
Mechanized Support Center
M3 Assault Carrier
Selects Exchangeable Parts
Designate Forward Repair Station
M3 Assault Carrier
M1918 Browning Automatic Rifles
Selects M2HB .50cal Heavy Machine Gun
Improvised Armor
Designate Forward Repair Station
Construct Motor Pool
Selects Gallant Stand
Construct Tank Depot
Sad Pepe
gio_misro
Bighazelnut
TheProfessor
0
0
Comments
sign in to comment!
No comments posted yet!